 Dungeon Crawl Stone Soup version 0.29-a0-384-g6960b1960d (webtiles) character file.

Game seed: 18378974412693787420

75 zeratav the Skirmisher (level 4, -3/33 HPs)
             Began as an Octopode Transmuter on May 7, 2022.
             Slain by a gnoll
             ... wielding a +0 halberd
              (9 damage)
             ... on level 2 of the Dungeon.
             The game lasted 00:04:09 (2349 turns).

zeratav the Skirmisher (Octopode Transmuter)        Turns: 2349, Time: 00:04:09

Health: -3/33      AC:  2    Str:  9    XL:     4   Next: 31%
Magic:  6/7        EV: 19    Int: 17    God:
Gold:   78         SH:  0    Dex: 17    Spells: 3/7 levels left

rFire   . . .      SeeInvis .     - Unarmed
rCold   . . .      Faith    .   (shield currently unavailable)
rNeg    . . .      Spirit   .   (helmet currently unavailable)
rPois   x          Reflect  .   d - amulet of magic regeneration {@e2}
rElec   .          Harm     .   j - ring of wizardry
rCorr   .          Rampage  .   (no ring)
Will    .....                   (no ring)
Stlth   ++........              (no ring)
HPRegen 0.11/turn               (no ring)
MPRegen 0.50/turn               (no ring)
                                (no ring)
                                (no ring)

@: spider-form
A: venomous fangs, almost no armour, (amphibious), 8 rings, tiny, (camouflage
1), (gelatinous body 1), (nimble swimmer 1), (tentacles)
a: End Transformation


You were on level 2 of the Dungeon.
You were a venomous arachnid creature.
You visited 1 branch of the dungeon, and saw 2 of its levels.

You collected 78 gold pieces.


Innate Abilities, Weirdness & Mutations

You are a venomous arachnid creature.
You have poisonous fangs.
You are tiny and dextrous.
Your spellcasting is less reliable in this form.
Your armour is entirely melded.
You are incapable of wielding weapons or throwing items.
You cannot wear most types of armour.
((You are amphibious.))
You can wear up to eight rings at the same time.
((Your skin changes colour to match your surroundings (Stealth+).))
((Your rubbery body absorbs attacks. (AC +1, EV +1)))
((You are camouflaged when in or above water. (Stealth+)))
((You have tentacles for arms and can constrict up to eight enemies at once.))


   Skills:
 + Level 4.0 Fighting
 - Level 2.0 Dodging
 - Level 3.0 Unarmed Combat
 - Level 2.0 Spellcasting
 - Level 2.0 Transmutations


You had 3 spell levels left.
You knew the following spells:

 Your Spells              Type           Power      Damage    Failure   Level
a - Beastly Appendage     Tmut           16%        N/A       9%          1
b - Spider Form           Tmut/Pois      5%         N/A       28%         3

Your spell library contained the following spells:

 Spells                   Type           Power      Damage    Failure   Level
 Wereblood                Tmut           8%         N/A       12%         2
 Animate Skeleton         Necr           2%         N/A       16%         1
 Apportation              Tloc           2%         N/A       16%         1
 Summon Small Mammal      Summ           4%         N/A       16%         1
 Ice Form                 Ice/Tmut       5%         N/A       58%         4

Inventory:

Jewellery
 d - an amulet of magic regeneration (around neck) {@e2}
   (You found it on level 1 of the Dungeon)
 j - a ring of wizardry (left front leg)
   (You found it on level 2 of the Dungeon)
Scrolls
 b - a scroll of blinking {unknown}
 h - 2 scrolls of identify {unknown}
 k - a scroll of teleportation {unknown}
Potions
 a - a potion of lignification {!q}
 c - a potion of mutation {unknown}
 e - 2 potions of degeneration {unknown}
 f - a potion of heal wounds {unknown}
 g - a potion of flight {unknown}
 i - 2 potions of curing {unknown}

Dungeon Overview and Level Annotations

Branches:
Dungeon (2/15)

Altars:

Shops:
D:1 :[

Annotations:
D:2 Terence

.g. #.## #.. # #..# #.. ..#
#g#.# #.# #.# ###.##.#
##'## #.# #.....#.# ##...##
#.# #.##.>##)##g....##
#.### #.#...# #gs......##
##....
#.....###.........####...##
#.......+.........'........
#.....###.........####...##
#...#.# ##...)...## ##.##.
#.....# ##.....## ####.
##.#### ##...## #. #.#
##'## #. #.# #.# #.


You could see 2 gnolls.


Message History

MP[-3]
You lost 3 mp, and now have 3/6 mp.
MP[+1]
Your transformation is almost over.
The helpless worm fails to defend itself.
You hit the worm.
The worm is poisoned.
MP[+1]
You hit the worm.
The worm looks as sick as possible!
The worm bites you.
HP[-3]
You take 3 damage, and now have 23/26 hp.
You hit the worm.
You kill the worm!
MP[+1]
Your mp is fully restored (6).
You start resting.
A gnoll comes into view. It is wielding a +0 spear.
A gnoll comes into view.
It is wielding a +0 club and carrying a wand of digging (3).
The gnoll shouts! x2; You hear a shout!
Your transformation has ended.
The gnoll zaps a wand.
You hear a grinding noise.
A gnoll comes into view. It is wielding a +0 club.
HP[+1]
There is an open door here.
You close the door.
You start resting.
A gnoll is nearby!
Casting: Spider Form (quite dangerous; 16% risk of failure)
Confirm with . or Enter, or press ? or * to list all spells.
The spell is quite dangerous to miscast (16% risk of failure)!
Continue anyway?
You turn into a venomous arachnid creature.
The gnoll closely misses you.
MP[-3]
You lost 3 mp, and now have 3/6 mp.
You hit the gnoll.
The gnoll is poisoned.
The gnoll closely misses you.
MP[+1]
You barely miss the gnoll. The gnoll closely misses you.
You hit the gnoll.
The gnoll looks as sick as possible!
MP[+1]
You hit the gnoll but do no damage.
Your transformation is almost over.
The gnoll closely misses you.
HP[+1]
You hit the gnoll.
You kill the gnoll!
A gnoll comes into view. It is wielding a +0 halberd.
The gnoll completely misses you.
You have reached level 4!
HP[+6]
You now have 33 max hp (+7).
You regained 6 hp, and now have 31/33 hp.
The gnoll closely misses you.
Items here: $ ) / ?.
MP[+1]
You barely miss the gnoll. The gnoll barely misses you.
HP[+1]
The gnoll shouts!
You hit the gnoll. The gnoll closely misses you.
MP[+1]
Your mp is fully restored (7).
You completely miss the gnoll. The gnoll hits you with a +0 spear.
HP[-4]
You take 4 damage, and now have 28/33 hp.
You hit the gnoll.
The gnoll hits you from afar with a +0 halberd.
The gnoll misses you.
HP[-3]
You take 3 damage, and now have 25/33 hp.
You barely miss the gnoll. The gnoll misses you.
The gnoll hits you from afar with a +0 halberd.
HP[-5]
You take 5 damage, and now have 20/33 hp.
You hit the gnoll.
The gnoll is poisoned.
The gnoll misses you. The gnoll completely misses you.
You hit the gnoll.
The gnoll looks as sick as possible!
Your transformation has ended.
You kill the gnoll!
The gnoll hits you from afar with a +0 halberd!
* * * LOW HITPOINT WARNING * * *
Your Fighting skill increases to level 4!
HP[-7]
You take 7 damage, and now have 13/33 hp.
MASSIVE DAMAGE!! (PAUSE)
Casting: Spider Form (quite dangerous; 16% risk of failure)
Confirm with . or Enter, or press ? or * to list all spells.
The spell is quite dangerous to miscast (16% risk of failure)!
Continue anyway?
You turn into a venomous arachnid creature.
The gnoll barely misses you. x2
MP[-3]
You lost 3 mp, and now have 4/7 mp.
The gnoll hits you with a +0 halberd!
* * * LOW HITPOINT WARNING * * *
HP[-8] MP[+1]
You take 8 damage, and now have 5/33 hp.
MASSIVE DAMAGE!! (PAUSE)
You hit the gnoll.
The gnoll is poisoned.
The gnoll barely misses you. The gnoll completely misses you.
You hit the gnoll.
The gnoll looks as sick as possible!
The gnoll hits you with a +0 halberd!
You die...

Skill      XL: |  1  2  3  4 |
---------------+-------------+-----
Fighting       | 2 3 4 |  4.0
Dodging        | |  2.0
Unarmed Combat | |  3.0
Spellcasting   | |  2.0
Transmutations | |  2.0

Action                   |  1- 3 |  4- 6 || total
-------------------------+-------+-------++-------
Melee: Unarmed           |    69 |     9 ||    78
       Constrict         |    16 |       ||    16
       Kick              |    11 |       ||    11
       Punch             |     1 |       ||     1
       Tentacles         |     7 |       ||     7
 Cast: Beastly Appendage |     7 |       ||     7
       Spider Form       |     6 |     1 ||     7
 Stab: Sleeping          |     6 |       ||     6
Armor: Skin              |     4 |       ||     4
Dodge: Dodged            |    48 |    11 ||    59

Levels and vault maps discovered:
D:1:      eino_arrival_druids_welcome, layout_basic, serial_shops,
          nicolae_shop_trees, nicolae_diamond_shop,
          shapermc_ecumenical_altar_venn
D:2:      minmay_diamond_boxcup, layout_loops_corners, basic_altar, uniq_terence

Notes
Turn   | Place    | Note
-------+----------+-------------------------------------------
     0 | D:1      | zeratav the Octopode Transmuter began the quest for the
                  | Orb.
     0 | D:1      | Reached XP level 1. HP: 13/13 MP: 3/3
     0 | D:1      | magus.rc [v1.9.6]
    60 | D:1      | Found a faded altar of an unknown god.
    90 | D:1      | Reached skill level 2 in Fighting
    90 | D:1      | Reached XP level 2. HP: 12/19 MP: 3/5
    98 | D:1      | You pick up a book of Cantrips and begin reading...
    98 | D:1      | You add the spells Animate Skeleton, Summon Small Mammal
                  | and Apportation to your library.
   425 | D:1      | Found Wicvaubb's Book Emporium.
   570 | D:1      | Found Poecovej's Armour Boutique.
  1091 | D:1      | Reached XP level 3. HP: 19/25 MP: 4/6
  1238 | D:1      | Reached skill level 3 in Fighting
  1547 | D:2      | Noticed Terence
  1587 | D:2      | Learned a level 3 spell: Spider Form
  2338 | D:2      | Reached XP level 4. HP: 31/33 MP: 5/7
  2346 | D:2      | Reached skill level 4 in Fighting
  2347 | D:2      | HP: 5/33 [gnoll/+0 halberd (8)]
  2349 | D:2      | Slain by a gnoll

Vanquished Creatures
  2 gnolls (D:2)
  2 adders (D:2)
  A worm (D:2)
  2 dart slugs (D:1)
  2 bats (D:1)
  3 endoplasms (D:1)
  A giant cockroach (D:1)
  4 goblins
  2 hobgoblins (D:1)
  3 kobolds
  A quokka (D:1)
  6 ball pythons
  A frilled lizard (D:2)
  2 rats
32 creatures vanquished.

Table legend:
 A = Non-vault XP
 B = Vault XP
 C = Vault XP percentage of total XP
 D = Non-vault monster count
 E = Vault monster count
 F = Vault count percentage of total count
                 A         B        C        D         E       F
            +---------+---------+-------+---------+---------+-------
      Total |     108 |       0 |   0.0 |      32 |       0 |   0.0
            +---------+---------+-------+---------+---------+-------
        D:1 |      39 |       0 |   0.0 |      22 |       0 |   0.0
        D:2 |      69 |       0 |   0.0 |      10 |       0 |   0.0
            +---------+---------+-------+---------+---------+-------

Illustrated notes

Table legend:
 A = Kills in this place as a percentage of kills in entire the game.
 B = Kills by you in this place as a percentage of kills by you in the entire game.
 C = Kills by friends in this place as a percentage of kills by friends in the entire game.
 D = Other kills in this place as a percentage of other kills in the entire game.
 E = Experience gained in this place as a percentage of experience gained in the entire game.
 F = Experience gained in this place divided by the number of levels of this place that you have seen.
                   A       B       C       D       E      F
               +-------+-------+-------+-------+-------+----------------------
         Total | 100.0 | 100.0 |   N/A |   N/A | 100.0 |  54.0
       Dungeon | 100.0 | 100.0 |   N/A |   N/A | 100.0 |  54.0
               +-------+-------+-------+-------+-------+----------------------

Table legend: (Time is in decaauts)
 A = Elapsed time spent in this place.
 B = Non-inter-level travel time spent in this place.
 C = Inter-level travel time spent in this place.
 D = Time resting spent in this place.
 E = Time spent auto-exploring this place.
 F = Levels seen in this place.
 G = Mean time per level.
                   A        B        C        D        E       F      G
               +--------+--------+--------+--------+--------+-----+--------+
         Total |   2343 |   2267 |     76 |    771 |   1075 |   2 | 1171.5 |
       Dungeon |   2343 |   2267 |     76 |    771 |   1075 |   2 | 1171.5 |
               +--------+--------+--------+--------+--------+-----+--------+

Top non-repeatable levels by time:
     D:1: 1542 daAuts
     D:2: 801 daAuts
